[Event "Sautron op 14th"]
[Site "Sautron"]
[Date "2014.10.25"]
[Round "5"]
[White "Lagarde, Maxime"]
[Black "Neelotpal, Das"]
[Result "1-0"]
[ECO "A29"]
[WhiteElo "2566"]
[BlackElo "2424"]
[Annotator "RR"]
[PlyCount "87"]
[EventDate "2014.10.26"]
[EventType "swiss"]
[EventRounds "9"]
[EventCountry "FRA"]
[SourceTitle "EXT 2015"]
[Source "ChessBase"]
[SourceDate "2014.11.20"]
[SourceVersion "1"]
[SourceVersionDate "2014.11.20"]
[SourceQuality "1"]
[TimeControl "40/5400+30:1800+30"]
[WhiteClock "0:26:38"]
[BlackClock "0:27:40"]

1. c4 e5 2. Nc3 Nf6 3. g3 d5 4. cxd5 Nxd5 5. Bg2 Ne7 {[%emt 0:01:04] Un peu
bizarre} (5... Nb6 {Neelotpal,D (2424)-Belenkaya,D (2340) 14th Op Sautron 2014
(4) 1-0 La grande ligne}) 6. Nf3 Nbc6 7. b4
$1 a6 8. Bb2 (8.
O-O g6 9. a4 Bg7 10. Ba3 $14) 8... g6 9. a3 (
9. a4 Bg7 10. b5 Nd4 11. Nxd4 exd4 12. Ne4 O-O 13. O-O Re8 14. Qc2 c6 15. d3
cxb5 16. axb5 Nd5 17. Rfc1 Rb8 18. Qc5 Nc3 19. Nxc3 dxc3 20. Bxc3 Bxc3 21. Rxc3
Rxe2 22. b6 Qf6 23. Rf1 Bf5 24. Qb4 Re6 25. Rb3 Rd6 26. Qf4 Rbd8 27. Bxb7 Rxb6
28. Rxb6 Qxb6 29. Be4 Be6 30. Qf6 Qd4 31. Qxd4 Rxd4 32. Ra1 Bc8 33. Rc1 Bd7 34.
Ra1 Bb5 35. Bb7 Rd7 36. Bc8 Rc7 37. Bxa6 Ra7 38. Bxb5 Rxa1+ {Mastrovasilis,A 
(2543)-Mchedlishvili,M (2609) Dresden 2007 0-1 (75)}) 9... Bg7 10. d3 O-O 11. O-O Nf5 (11... h6 ) 12. Rc1 Ncd4 $146 (12... Nfd4 13. e3 Ne6 14. Na4 Qd6 15. Qb3 Ncd8 16. Nd2 f6 17.
Nc4 Qe7 18. Ncb6 Rb8 19. Nxc8 Rxc8 20. d4 Kh8 21. Rfd1 Rb8 22. Rc2 Ng5 23. dxe5
fxe5 24. f4 Ngf7 25. Nc5 Rc8 26. Bh3 {1-0 (26) Ilivitzki,G-Dzagarov Soviet
Union 1967}) 13. Nd2 c6 14. Nc4 Re8 15. Ne4 Nb5 16. e3 Nbd6 17. Qe2 Qe7 18. Nb6 Rb8 19. Nc5 $14 h5 20. a4 Nh6 21. Nxc8 Rbxc8 22. e4 h4 23. f4 (23. Bh3 $5) 23... hxg3 24. hxg3 Rcd8 25. Qf3 f5 (25... exf4 26. Bxg7 Kxg7 27. gxf4) 26. fxe5 Bxe5 27. d4 Bg7 28. e5 $16 Nc8 29. b5 $1 $36 axb5 30. axb5 Na7 31. Qb3+ (31. b6 $142 Nc8 (31... Nb5 32. Nxb7 $1 Qxb7 33. Qxc6) 32. Qb3+
Kh7 33. Nxb7 $1) 31... Kh7 32. bxc6 bxc6 33. Qb7 Ng4 34. Bf3 Qg5 35. Rc2 Re7 36.
Bc1 Ne3 37. Rh2+ Bh6 38. Qxe7+ Qxe7 39. Bxe3 g5 40. Kf2 Kg6 41. Rb1 Nb5 42. Rbh1 Bf8 43. Bh5+ Kg7 44. Bxg5 1-0